3AAA
SUNSET DISTRICT FOG @ CALGARY LYNX
08/21/2041
 
TOP OF THE 1ST
Sunset District Fog batting - Pitching for Calgary Lynx : LHP Ids Knegt
Pitching: LHP Ids Knegt
Batting: SHB Doug Watson 0-0: Called Strike
0-1: Ground out 4-3 (Groundball, 4, EV 103.1 MPH)
Batting: RHB A.T. Tappman 0-0: Ball
1-0: Foul Ball, location: 2F
1-1: Ground out 5-3 (Groundball, 56, EV 97.5 MPH)
Batting: RHB Vonne Navarrete 0-0: Ball
1-0: Ball
2-0: Ball
3-0: Base on Balls
Batting: LHB Bradley Wilson 0-0: Ground out 2-3 (Groundball, 2L, EV 64.4 MPH)
Top of the 1st over - 0 runs, 0 hits, 0 errors, 1 left on base; Sunset District 0 - Calgary 0
BOTTOM OF THE 1ST
Calgary Lynx batting - Pitching for Sunset District Fog : RHP Ray Goolsby
Pitching: RHP Ray Goolsby
Batting: SHB John Hawley 0-0: Called Strike
0-1: Ball
1-1: Foul Ball, location: 2F
1-2: Ball
2-2: Fly out, F7 (Line Drive, 7, EV 110.6 MPH)
Batting: LHB Tim O'Neal 0-0: Ball
1-0: Foul Ball, location: 2F
1-1: Ball
2-1: SINGLE (Groundball, 34D, EV 110.0 MPH) (infield hit)
Batting: LHB Henry Buckley 0-0: Called Strike
0-1: Ball
1-1: Ball
2-1: Ball
3-1: Foul Ball, location: 2F
3-2: Base on Balls
Tim O'Neal to second
Batting: LHB Jeff Hershberger 0-0: Ball
1-0: Fly out, F9 (Flyball, 89D, EV 98.1 MPH)
Batting: SHB Abraham In de Boomgaert 0-0: Foul Ball, location: 2F
0-1: Ball
1-1: Called Strike
1-2: Ground out 4-3 (Groundball, 34, EV 103.1 MPH)
Bottom of the 1st over - 0 runs, 1 hit, 0 errors, 2 left on base; Sunset District 0 - Calgary 0
TOP OF THE 2ND
Sunset District Fog batting - Pitching for Calgary Lynx : LHP Ids Knegt
Batting: LHB Phillip White 0-0: Swinging Strike
0-1: Ball
1-1: Called Strike
1-2: Ball
2-2: Foul Ball, location: 2F
2-2: Ball
3-2: Foul Ball, location: 2F
3-2: Foul Ball, location: 2F
3-2: SINGLE (Popup, 6D, EV 50.0 MPH)
Batting: LHB Flint Myers 0-0: Ball
1-0: Ball
2-0: Called Strike
2-1: SINGLE (Groundball, 34D, EV 108.8 MPH)
Phillip White to second
Runner from 2nd tries for 3rd, SAFE, throw by RF made to third
Batting: SHB Rafael Bregonzi 0-0: Called Strike
0-1: Ball
1-1: Ball
2-1: Fly out, F8 (Flyball, 8RD, EV 94.4 MPH)
Runner from 3rd tags up, SCORES, throw by CF
Batting: LHB Yu-zeng Si 0-0: Called Strike
0-1: Fly out, F5 (Popup, 56, EV 55.0 MPH)
Batting: RHB Tak-wai Jia 0-0: Ball
1-0: Ball
2-0: Ball
3-0: Called Strike
3-1: Called Strike
3-2: Ground out 1-3 (Groundball, 15S, EV 65.0 MPH)
Top of the 2nd over - 1 run, 2 hits, 0 errors, 1 left on base; Sunset District 1 - Calgary 0
BOTTOM OF THE 2ND
Calgary Lynx batting - Pitching for Sunset District Fog : RHP Ray Goolsby
Batting: RHB Manny Moons 0-0: Ball
1-0: Called Strike
1-1: Ball
2-1: Foul Ball, location: 2F
2-2: Ball
3-2: Base on Balls
Batting: RHB Tobias Valencia 0-0: Ball
1-0: Foul Ball, location: 2F
1-1: Fielders Choice at 2nd, 6-4 (Groundball, 6M, EV 104.4 MPH)
Batting: RHB Isagani Gorre 0-0: Ball
Tobias Valencia is caught stealing 2nd base 2-4
1-0: Foul Ball, location: 2F
1-1: Ball
2-1: Foul Ball, location: 2F
2-2: SINGLE (Line Drive, 3D, EV 104.4 MPH)
Batting: RHB Sehinsah Al-Fanari 0-0: Ball
1-0: Ball
2-0: Called Strike
2-1: Swinging Strike
2-2: Foul Ball, location: 2F
2-2: Ball
3-2: Foul Ball, location: 2F
3-2: Foul Ball, location: 2F
3-2: Ground out 5-3 (Groundball, 56, EV 80.6 MPH)
Bottom of the 2nd over - 0 runs, 1 hit, 0 errors, 1 left on base; Sunset District 1 - Calgary 0
TOP OF THE 3RD
Sunset District Fog batting - Pitching for Calgary Lynx : LHP Ids Knegt
Batting: SHB Doug Watson 0-0: Ball
1-0: Called Strike
1-1: Ball
2-1: Ball
3-1: DOUBLE (Flyball, 8RD, EV 107.5 MPH)
Batting: RHB A.T. Tappman 0-0: Fly out, F7 (Flyball, 7S, EV 91.2 MPH)
Batting: RHB Vonne Navarrete 0-0: Ball
1-0: Fly out, F8 (Flyball, 8RM, EV 91.2 MPH)
Batting: LHB Bradley Wilson 0-0: Ball
1-0: Called Strike
1-1: Ball
2-1: Swinging Strike
2-2: Ground out 1-3 (Groundball, 13S, EV 66.2 MPH)
Top of the 3rd over - 0 runs, 1 hit, 0 errors, 1 left on base; Sunset District 1 - Calgary 0
BOTTOM OF THE 3RD
Calgary Lynx batting - Pitching for Sunset District Fog : RHP Ray Goolsby
Batting: SHB John Hawley 0-0: SINGLE (Line Drive, 78M, EV 95.6 MPH)
Batting: LHB Tim O'Neal 0-0: Ball
1-0: Called Strike
1-1: Ball
2-1: Ball
3-1: Reached on error, E4 (Groundball, 4, EV 106.2 MPH)
John Hawley to second
Batting: LHB Henry Buckley 0-0: Ball
1-0: Ball
2-0: Called Strike
2-1: Called Strike
2-2: Ball
3-2: Foul Ball, location: 2F
3-2: Base on Balls
John Hawley to third
Tim O'Neal to second
Batting: LHB Jeff Hershberger 0-0: Called Strike
0-1: Ball
1-1: Fly out, F7 (Flyball, 78S, EV 71.2 MPH)
Batting: SHB Abraham In de Boomgaert 0-0: Called Strike
0-1: Ball
1-1: Called Strike
1-2: Strikes out swinging
Batting: RHB Manny Moons 0-0: SINGLE (Groundball, 4D, EV 101.2 MPH)
John Hawley scores
Tim O'Neal to third
Henry Buckley to second
Runner from 3rd tries for Home, SAFE, throw by CF to home
Batting: RHB Tobias Valencia 0-0: Called Strike
0-1: Ball
1-1: Ball
2-1: SINGLE (Groundball, 34D, EV 101.2 MPH)
Henry Buckley to third
Manny Moons to second
Runner from 3rd tries for Home, SAFE, no throw by RF
Batting: RHB Isagani Gorre 0-0: Called Strike
0-1: Ball
1-1: 3-RUN HOME RUN (Flyball, 7D, EV 96.2 MPH), Distance : 374 ft
Pitching: RHP Marcos Salinas
Batting: RHB Sehinsah Al-Fanari 0-0: Ball
1-0: Fly out, F1 (Popup, P, EV 75.0 MPH)
Bottom of the 3rd over - 6 runs, 4 hits, 1 error, 0 left on base; Sunset District 1 - Calgary 6
TOP OF THE 4TH
Sunset District Fog batting - Pitching for Calgary Lynx : LHP Ids Knegt
Batting: LHB Phillip White 0-0: Called Strike
0-1: Ball
1-1: Swinging Strike
1-2: Ball
2-2: Fly out, F7 (Flyball, 78S, EV 79.4 MPH)
Batting: LHB Flint Myers 0-0: Swinging Strike
0-1: Ball
1-1: Ball
2-1: Ball
3-1: SINGLE (Flyball, 8RS, EV 87.5 MPH)
Batting: SHB Rafael Bregonzi 0-0: Swinging Strike
0-1: Called Strike
0-2: Ball
1-2: Grounds into double play, 5-4-3 (Groundball, 5S, EV 83.8 MPH)
Top of the 4th over - 0 runs, 1 hit, 0 errors, 0 left on base; Sunset District 1 - Calgary 6
BOTTOM OF THE 4TH
Calgary Lynx batting - Pitching for Sunset District Fog : RHP Marcos Salinas
Batting: SHB John Hawley 0-0: Ball
1-0: Called Strike
1-1: Ball
2-1: Ball
3-1: Foul Ball, location: 2F
3-2: Ground out 4-3 (Groundball, 4D, EV 80.6 MPH)
Batting: LHB Tim O'Neal 0-0: Called Strike
0-1: Ball
1-1: Swinging Strike
1-2: Foul Ball, location: 2F
1-2: DOUBLE (Line Drive, 7LM, EV 100.6 MPH)
Pinch Runner at 2nd António González:
Batting: LHB Henry Buckley 0-0: Ball
1-0: Ball
2-0: Ball
3-0: Called Strike
3-1: Base on Balls
Batting: LHB Jeff Hershberger 0-0: Ball
1-0: Ball
2-0: Ball
3-0: Base on Balls
António González to third
Henry Buckley to second
Batting: SHB Abraham In de Boomgaert 0-0: Fielders Choice at 2nd, 6-4 (Groundball, 6, EV 91.2 MPH)
António González scores
Henry Buckley to third
Batting: RHB Manny Moons 0-0: Called Strike
0-1: Ball
1-1: Ball
2-1: Foul Ball, location: 2F
2-2: Strikes out swinging
Bottom of the 4th over - 1 run, 1 hit, 0 errors, 2 left on base; Sunset District 1 - Calgary 7
TOP OF THE 5TH
Sunset District Fog batting - Pitching for Calgary Lynx : LHP Ids Knegt
Now in RF: Sergio Cruz
Batting: LHB Yu-zeng Si 0-0: Ball
1-0: Foul Ball, location: 2F
1-1: Ball
2-1: Called Strike
2-2: Ball
3-2: Base on Balls
Batting: RHB Tak-wai Jia 0-0: Swinging Strike
0-1: Ball
1-1: Swinging Strike
1-2: Foul Ball, location: 2F
1-2: Strikes out swinging
Batting: SHB Doug Watson 0-0: Ball
1-0: Called Strike
1-1: Ball
2-1: Called Strike
2-2: Foul Ball, location: 2F
2-2: Foul Ball, location: 2F
2-2: Grounds into double play, 5-4-3 (Groundball, 56, EV 106.2 MPH)
Top of the 5th over - 0 runs, 0 hits, 0 errors, 0 left on base; Sunset District 1 - Calgary 7
BOTTOM OF THE 5TH
Calgary Lynx batting - Pitching for Sunset District Fog : RHP Marcos Salinas
Batting: RHB Tobias Valencia 0-0: SINGLE (Groundball, 4D, EV 106.2 MPH)
Batting: RHB Isagani Gorre 0-0: Foul Ball, location: 2F
0-1: Ball
1-1: Ball
2-1: Foul Ball, location: 2F
2-2: Foul Ball, location: 2F
2-2: Fly out, F8 (Line Drive, 8LM, EV 103.1 MPH)
Batting: RHB Sehinsah Al-Fanari 0-0: Foul Ball, location: 2F
0-1: Swinging Strike
Tobias Valencia steals 2nd base (no throw)
0-2: Ball
1-2: Foul Ball, location: 2F
1-2: Strikes out looking
Batting: SHB John Hawley 0-0: Called Strike
0-1: Called Strike
0-2: Ball
1-2: Ball
2-2: Ball
3-2: SINGLE (Flyball, 7S, EV 86.2 MPH)
Tobias Valencia to third
Tobias Valencia scores
Batting: LHB Sergio Cruz 0-0: Ball
1-0: Called Strike
John Hawley is caught stealing 2nd base 2-6
Bottom of the 5th over - 1 run, 2 hits, 0 errors, 0 left on base; Sunset District 1 - Calgary 8
TOP OF THE 6TH
Sunset District Fog batting - Pitching for Calgary Lynx : LHP Ids Knegt
Batting: RHB A.T. Tappman 0-0: Ground out 1-3 (Groundball, 34S, EV 88.1 MPH)
Batting: RHB Vonne Navarrete 0-0: Ball
1-0: Ground out 5-3 (Groundball, 56, EV 103.1 MPH)
Batting: LHB Bradley Wilson 0-0: Ball
1-0: Foul Ball, location: 2F
1-1: Called Strike
1-2: Ball
2-2: Ball
3-2: Base on Balls
Batting: LHB Phillip White 0-0: Swinging Strike
0-1: Ball
Wild Pitch!
Bradley Wilson to second
1-1: Ball
2-1: Called Strike
2-2: Ball
3-2: Strikes out swinging
Top of the 6th over - 0 runs, 0 hits, 0 errors, 1 left on base; Sunset District 1 - Calgary 8
BOTTOM OF THE 6TH
Calgary Lynx batting - Pitching for Sunset District Fog : RHP Marcos Salinas
Batting: LHB Sergio Cruz 0-0: Called Strike
0-1: Ball
1-1: Ball
2-1: Foul Ball, location: 2F
2-2: Foul Ball, location: 2F
2-2: Ball
3-2: SINGLE (Groundball, 34D, EV 105.0 MPH)
Pitching: RHP Charlie Hilder
Batting: LHB Henry Buckley 0-0: Called Strike
0-1: Ball
1-1: Swinging Strike
1-2: Fielders Choice at 2nd, 4-6 (Groundball, 34D, EV 97.5 MPH)
Batting: LHB Jeff Hershberger 0-0: Ball
1-0: Ball
2-0: Fielders Choice at 2nd, 6-4 (Groundball, 6M, EV 86.9 MPH)
Batting: SHB Abraham In de Boomgaert 0-0: Ball
1-0: Ball
2-0: Swinging Strike
2-1: Ball
3-1: Swinging Strike
3-2: Foul Ball, location: 2F
3-2: Strikes out swinging
Bottom of the 6th over - 0 runs, 1 hit, 0 errors, 1 left on base; Sunset District 1 - Calgary 8
TOP OF THE 7TH
Sunset District Fog batting - Pitching for Calgary Lynx : LHP Ids Knegt
Pitching: RHP Chris Rice
Batting: LHB Flint Myers 0-0: Ball
1-0: Swinging Strike
1-1: Ball
2-1: Ball
3-1: Base on Balls
Batting: SHB Rafael Bregonzi 0-0: Called Strike
0-1: Swinging Strike
0-2: Ball
1-2: Ball
2-2: Foul Ball, location: 2F
2-2: Ball
3-2: Base on Balls
Flint Myers to second
Batting: LHB Yu-zeng Si 0-0: Ball
1-0: Foul Ball, location: 2F
1-1: Swinging Strike
1-2: Fly out, F8 (Flyball, 8LM, EV 90.0 MPH)
Batting: RHB Tak-wai Jia 0-0: Ball
1-0: Ball
2-0: Swinging Strike
2-1: Ball
3-1: Foul Ball, location: 2F
3-2: Fielders Choice at 2nd, 1-6 (Groundball, 34S, EV 80.0 MPH)
Flint Myers to third
Batting: SHB Doug Watson 0-0: Called Strike
0-1: Ball
1-1: Ball
2-1: Fly out, F9 (Line Drive, 9, EV 97.5 MPH)
Top of the 7th over - 0 runs, 0 hits, 0 errors, 2 left on base; Sunset District 1 - Calgary 8
BOTTOM OF THE 7TH
Calgary Lynx batting - Pitching for Sunset District Fog : RHP Charlie Hilder
Batting: RHB Manny Moons 0-0: Foul Ball, location: 2F
0-1: Foul Ball, location: 2F
0-2: Ball
1-2: Ball
2-2: Ball
3-2: Foul Ball, location: 2F
3-2: Base on Balls
Batting: RHB Tobias Valencia 0-0: 2-RUN HOME RUN (Flyball, 7D, EV 100.6 MPH), Distance : 377 ft
Pinch Hitting: RHB Gabriel Hernández 0-0: Ball
1-0: Swinging Strike
1-1: Swinging Strike
1-2: Strikes out swinging
Batting: RHB Sehinsah Al-Fanari 0-0: Swinging Strike
0-1: SINGLE (Groundball, 34D, EV 93.8 MPH)
Batting: SHB John Hawley 0-0: Called Strike
0-1: Ball
1-1: SINGLE (Line Drive, 78M, EV 89.4 MPH)
Sehinsah Al-Fanari to second
Batting: LHB Sergio Cruz 0-0: Called Strike
0-1: Foul Ball, location: 2F
0-2: SINGLE (Flyball, 78M, EV 91.9 MPH)
Sehinsah Al-Fanari to third
John Hawley to second
Batting: LHB Henry Buckley 0-0: Ball
1-0: Swinging Strike
1-1: Ball
2-1: Swinging Strike
2-2: Foul Ball, location: 2F
2-2: Ball
3-2: Base on Balls
Sehinsah Al-Fanari scores
John Hawley to third
Sergio Cruz to second
Batting: LHB Jeff Hershberger 0-0: Ball
1-0: Ball
2-0: Called Strike
2-1: Foul Ball, location: 2F
2-2: Ball
3-2: Reached on error, E3 (Groundball, 34, EV 91.9 MPH)
John Hawley scores
Sergio Cruz to third
Henry Buckley to second
Pitching: RHP Tim Gregory
Batting: SHB Abraham In de Boomgaert 0-0: Called Strike
0-1: Ball
1-1: Called Strike
1-2: Foul Ball, location: 2F
1-2: Fly out, F8 (Line Drive, 8LD, EV 90.6 MPH)
Runner from 3rd tags up, SCORES, throw by CF
Henry Buckley to third
Batting: RHB Manny Moons 0-0: Called Strike
0-1: Ball
1-1: Ball
2-1: Called Strike
2-2: Ball
3-2: Base on Balls
Jeff Hershberger to second
Batting: RHB Tobias Valencia 0-0: Ball
1-0: Ball
2-0: Fly out, F9 (Flyball, 9D, EV 108.1 MPH)
Bottom of the 7th over - 5 runs, 4 hits, 1 error, 3 left on base; Sunset District 1 - Calgary 13
TOP OF THE 8TH
Sunset District Fog batting - Pitching for Calgary Lynx : RHP Chris Rice
Now at 2B: Gabriel Hernández
Batting: RHB A.T. Tappman 0-0: Called Strike
0-1: Ball
1-1: Ground out 6-3 (Groundball, 6M, EV 90.6 MPH)
Batting: RHB Vonne Navarrete 0-0: Called Strike
0-1: Fly out, F6 (Popup, 6M, EV 53.8 MPH)
Batting: LHB Bradley Wilson 0-0: Ball
1-0: Ball
2-0: SINGLE (Line Drive, 56, EV 103.1 MPH)
Batting: LHB Phillip White 0-0: Called Strike
0-1: Ball
1-1: Ball
2-1: Ball
3-1: Called Strike
3-2: Base on Balls
Bradley Wilson to second
Batting: LHB Flint Myers 0-0: Called Strike
0-1: Ball
1-1: Fly out, F9 (Flyball, 9S, EV 74.4 MPH)
Top of the 8th over - 0 runs, 1 hit, 0 errors, 2 left on base; Sunset District 1 - Calgary 13
BOTTOM OF THE 8TH
Calgary Lynx batting - Pitching for Sunset District Fog : RHP Tim Gregory
Batting: RHB Gabriel Hernández 0-0: Foul Ball, location: 2F
0-1: Ball
1-1: Called Strike
1-2: Fly out, F7 (Line Drive, 7D, EV 91.2 MPH)
Batting: RHB Sehinsah Al-Fanari 0-0: Ball
1-0: Foul Ball, location: 2F
1-1: Called Strike
1-2: Foul Ball, location: 2F
1-2: Fly out, F9 (Flyball, 9S, EV 83.8 MPH)
Batting: SHB John Hawley 0-0: Called Strike
0-1: Swinging Strike
0-2: Ball
1-2: Ground out U3 (Groundball, 3S, EV 90.0 MPH)
Bottom of the 8th over - 0 runs, 0 hits, 0 errors, 0 left on base; Sunset District 1 - Calgary 13
TOP OF THE 9TH
Sunset District Fog batting - Pitching for Calgary Lynx : RHP Chris Rice
Batting: SHB Rafael Bregonzi 0-0: Ball
1-0: Ball
2-0: Ball
3-0: Called Strike
3-1: Swinging Strike
3-2: Fly out, F6 (Flyball, 56D, EV 71.9 MPH)
Pitching: RHP Haweeyo Nasteexo
Batting: LHB Yu-zeng Si 0-0: Foul Ball, location: 2F
0-1: SINGLE (Line Drive, 7S, EV 105.0 MPH)
Batting: RHB Tak-wai Jia 0-0: Called Strike
0-1: Called Strike
0-2: Foul Ball, location: 2F
0-2: DOUBLE (Flyball, 89XD, EV 114.4 MPH)
Yu-zeng Si to third
Batting: SHB Doug Watson 0-0: Called Strike
0-1: Ball
1-1: Ball
2-1: Foul Ball, location: 2F
2-2: Foul Ball, location: 2F
2-2: Foul Ball, location: 2F
2-2: Foul Ball, location: 2F
2-2: Strikes out swinging
Batting: RHB A.T. Tappman 0-0: Ball
1-0: Called Strike
1-1: Foul Ball, location: 2F
1-2: Foul Ball, location: 2F
1-2: Fly out, F9 (Line Drive, 9, EV 90.0 MPH)
Top of the 9th over - 0 runs, 2 hits, 0 errors, 2 left on base; Sunset District 1 - Calgary 13
Tuesday, January 5th, 2021 - OOTP Baseball 20.8 Build 74